 Dungeon Crawl Stone Soup version 0.18.1-1-g2f07953 (webtiles) character file.

108 Danakh the Chopper (level 4, 0/34 HPs)
             Began as a Demonspawn Skald on May 14, 2016.
             Succumbed to a worker ant's poison
             ... on level 3 of the Dungeon.
             The game lasted 00:06:12 (1735 turns).

Danakh the Chopper (Demonspawn Skald)               Turns: 1735, Time: 00:06:12

Health: 0/34       AC:  4    Str: 11 (13) XL:     4   Next: 58%
Magic:  7/7        EV: 15    Int: 22 (24) God:
Gold:   197        SH:  0    Dex: 16 (17) Spells: 2 memorised, 4 levels left

rFire  . . .     SeeInvis .     a - +0 hand axe
rCold  . . .     Gourm    .     m - -2 ring mail (curse)
rNeg   . . .     Faith    .     (no shield)
rPois  .         Spirit   .     t - +1 hat
rElec  .         Dismiss  .     (no cloak)
rCorr  .         Reflect  .     (no gloves)
SustAt .         Harm     .     (no boots)
MR     .....                    (no amulet)
Stlth  ++........               (no ring)
                                e - +5 ring of intelligence

@: brilliant, agile, lethally poisoned (0 -> -2), not resistant to hostile
enchantments, unstealthy
A: claws 1, talons 1, spiny 1
a: no special abilities


You were on level 3 of the Dungeon.
You were hungry.

You visited 1 branch of the dungeon, and saw 3 of its levels.

You collected 197 gold pieces.

Inventory:

Hand Weapons
 a - a +0 hand axe (weapon)
Armour
 b - a +0 leather armour
 m - a cursed -2 ring mail (worn)
 t - a +1 hat (worn)
Jewellery
 e - a +5 ring of intelligence (left claw)
Scrolls
 f - a scroll of enchant armour {unknown}
 g - 4 scrolls of fog {unknown}
 i - 6 scrolls of identify {unknown}
 j - 2 scrolls of fear {unknown}
 k - a scroll of recharging {unknown}
 p - a scroll of remove curse {unknown}
 q - a scroll of teleportation {unknown}
Books
 c - a book of Battle

   Spells                             Type                      Level
   a - Infusion                       Charms                       1
   b - Shroud of Golubria             Charms/Translocation         2
   c - Song of Slaying                Charms                       2
   d - Spectral Weapon                Hexes/Charms                 3
   e - Regeneration                   Charms/Necromancy            3
Comestibles
 d - 2 bread rations
 l - a beef jerky
 r - 2 chunks of flesh


   Skills:
 + Level 2.9 Fighting
 * Level 3.3 Axes
 + Level 2.1 Armour
 - Level 0.8 Dodging
 - Level 2.0 Spellcasting
 - Level 2.6 Charms


You had 4 spell levels left.
You knew the following spells:

 Your Spells              Type           Power        Failure   Level  Hunger
e - Infusion              Chrm           ####         1%          1    #......
t - Song of Slaying       Chrm           ####....     2%          2    ##.....


Dungeon Overview and Level Annotations

Branches:
Dungeon (3/15)

Altars:
Elyvilon
Okawaru


Innate Abilities, Weirdness & Mutations

You have sharp fingernails.
You have sharp toenails.
You are partially covered in sharp spines.


Message History

You feel sick.
Drink which item? (? for menu, Esc to quit)
It was a potion of agility.
You feel agile all of a sudden.
* * * LOW HITPOINT WARNING * * *
You feel sick.
There is a lethal amount of poison in your body!
* * * LOW HITPOINT WARNING * * *
You feel sick.
* * * LOW HITPOINT WARNING * * *
You feel sick.
* * * LOW HITPOINT WARNING * * *
You feel sick.
* * * LOW HITPOINT WARNING * * *
You feel sick.
* * * LOW HITPOINT WARNING * * *
You feel sick.
* * * LOW HITPOINT WARNING * * *
You feel sick.
You die...

#.# #..#
#.# ....
#.# #....
#.# ##.#.
#.# #.#
#.# #.#
#@#
#.†...#
#####....
##


There were no monsters in sight!

Vanquished Creatures
  A worker ant (D:3)
  An adder (D:3)
  An ooze (D:2)
  A worm (D:2)
  2 dart slugs
  2 giant geckos
  6 giant cockroaches
  8 goblins
  10 hobgoblins
  2 jackals (D:3)
  7 kobolds
  2 quokkas (D:2)
  A ball python (D:1)
  6 bats
  2 giant newts
  4 rats (D:1)
56 creatures vanquished.

Notes
Turn   | Place    | Note
--------------------------------------------------------------
     0 | D:1      | Danakh the Demonspawn Skald began the quest for the Orb.
     0 | D:1      | Reached XP level 1. HP: 16/16 MP: 3/3
    24 | D:1      | Reached skill level 1 in Armour
    74 | D:1      | Reached skill level 2 in Axes
   118 | D:1      | Gained mutation: You are partially covered in sharp spines. [demonic ancestry]
   118 | D:1      | Reached XP level 2. HP: 20/22 MP: 0/5
   506 | D:1      | Gained mutation: You have sharp toenails. [demonic ancestry]
   506 | D:1      | Reached XP level 3. HP: 25/28 MP: 6/6
   808 | D:2      | Learned a level 2 spell: Song of Slaying
   842 | D:2      | Found an iron altar of Okawaru.
  1399 | D:3      | Gained mutation: You have sharp fingernails. [demonic ancestry]
  1399 | D:3      | Reached XP level 4. HP: 34/34 MP: 7/7
  1402 | D:3      | Reached skill level 3 in Axes
  1535 | D:3      | Found a white marble altar of Elyvilon.
  1731 | D:3      | HP: 1/34 [poisoned by a worker ant]
  1735 | D:3      | Succumbed to a worker ant's poison

Skill      XL: |  1  2  3  4 |
---------------+-------------+-----
Armour         | 1 2 |  2.1
Axes           | 2 3 |  3.3
Fighting       | |  2.9
Dodging        | |  0.8
Spellcasting   | |  2.0
Charms         | |  2.6

Action                   |  1- 3 |  4- 6 || total
-------------------------+-------+-------++-------
Melee: Hand axe          |    71 |     9 ||    80
       Kick              |     8 |     4 ||    12
 Cast: Infusion          |     1 |       ||     1
  Use: Potion            |       |     4 ||     4
  Eat: Chunk             |       |     2 ||     2
Armor: Leather armour    |    11 |       ||    11
       Ring mail         |     1 |     5 ||     6
Dodge: Dodged            |    38 |     7 ||    45
